 Dungeon Crawl Stone Soup version 0.17.1-2-g5865329 (webtiles) character file.

2325264 Miyamura the Malleable (level 27, 150/150 HPs)
             Began as a Vine Stalker Monk on Jan 21, 2016.
             Was the Champion of Ashenzari.
             Escaped with the Orb
             ... and 4 runes on Jan 22, 2016!
             The game lasted 05:19:13 (74488 turns).

Miyamura the Malleable (Vine Stalker Monk)         Turns: 74488, Time: 05:19:13

Health: 150/150    AC: 26    Str: 30    XL:     27
Magic:  45/45      EV: 31    Int: 21    God:    Ashenzari [******]
Gold:   225        SH: 12    Dex: 30    Spells: 10 memorised, 2 levels left

rFire  + + +     SeeInvis +     q - +9 quick blade (elec) (curse)
rCold  + + +     Clarity  +     z - +5 ring mail {rF+} (curse)
rNeg   + + +     SustAt   +     g - +4 buckler "Ylar Cicwop" {rPois rC+} (curse)
rPois  ∞         Gourm    .     Q - +2 helmet "Eseoqec" {Dex+6} (curse)
rElec  +         Spirit   +     v - +0 cloak of the Arcane {rElec rF+++ rN+ Int+2} (curse)
rCorr  .         Warding  +     j - +2 pair of gloves {Str+3} (curse)
rMut   .         Stasis   .     O - +2 pair of boots {Fly} (curse)
MR     ++++.                    H - amulet "Tetsuav" {Ward rN+ Str+7 Dex+7} (curse)
Stlth  +++.......               X - ring "Ihaterph" {rC+ rN+ Str+4 Dex-2 Slay+5} (curse)
                                d - ring of sustain attributes (curse)

@: lich-form, flying, incredibly resistant to hostile enchantments, fairly
stealthy
A: fangs 3, regeneration 3, magic shield, antimagic bite, no device heal 3, rot
immunity
a: End Transformation, Scrying, Transfer Knowledge, Renounce Religion, Stop
Flying
0: Orb of Zot
}: 4/15 runes: barnacled, slimy, silver, gossamer


You escaped.
You worshipped Ashenzari.
Ashenzari was exalted by your worship.
You were not hungry.
You were a lich.
You visited 12 branches of the dungeon, and saw 63 of its levels.
You also visited: Bailey, Ice Cave, Volcano and Wizlab.

You collected 9492 gold pieces.
You spent 9267 gold pieces at shops.

Inventory:

Hand Weapons
 q - a cursed +9 quick blade of electrocution (weapon)
 C - the +9 Staff of Wucad Mu {channel}
   (You found it in a wizard's laboratory)
Armour
 g - the cursed +4 buckler "Ylar Cicwop" (worn) {rPois rC+}
   (You found it in an ice cave)

   It protects you from cold.
   It protects you from poison.
   It has a curse placed upon it.
 j - a cursed +2 pair of gloves of strength (worn)
 v - the cursed +0 cloak of the Arcane (worn) {rElec rF+++ rN+ Int+2}
   (You found it on level 3 of the Vaults)

   It affects your intelligence (+2).
   It renders you almost immune to fire.
   It insulates you from electricity.
   It protects you from negative energy.
   It has a curse placed upon it.
 z - a cursed +5 ring mail of fire resistance (worn)
 O - a cursed +2 pair of boots of flying (worn)
 Q - the cursed +2 helmet "Eseoqec" (worn) {Dex+6}
   (You found it on level 6 of the Lair of Beasts)

   It affects your dexterity (+6).
   It has a curse placed upon it.
Jewellery
 a - an uncursed amulet of resist corrosion
 d - a cursed ring of sustain attributes (left hand)
 H - the cursed amulet "Tetsuav" (around neck) {Ward rN+ Str+7 Dex+7}
   (You bought it in a shop on level 13 of the Dungeon)

   [amulet of warding]

   It may prevent the melee attacks of summoned creatures.
   It affects your strength (+7).
   It affects your dexterity (+7).
   It protects you from negative energy.
   It has a curse placed upon it.
 X - the cursed ring "Ihaterph" (right hand) {rC+ rN+ Str+4 Dex-2 Slay+5}
   (You took it off a fire giant on level 4 of the Depths)

   [ring of slaying]

   It affects your strength (+4).
   It affects your dexterity (-2).
   It affects your accuracy and damage with ranged weapons and melee attacks
   (+5).
   It protects you from cold.
   It protects you from negative energy.
   It has a curse placed upon it.
Wands
 h - a wand of teleportation (8)
 m - a wand of cold (4)
 t - a wand of fire (12)
 K - a wand of confusion (21)
 W - a wand of digging (4)
 Z - a wand of lightning (6)
Scrolls
 c - 3 scrolls of summoning
 e - 7 scrolls of teleportation
 r - 3 scrolls of curse jewellery
 s - 9 scrolls of magic mapping
 u - 7 scrolls of enchant armour
 y - 6 scrolls of recharging
 A - 8 scrolls of fog
 D - 10 scrolls of curse armour
 E - 3 scrolls of remove curse
 F - 13 scrolls of curse weapon
 L - 6 scrolls of amnesia
 M - 18 scrolls of identify
 N - a scroll of blinking
 R - 2 scrolls of fear
Potions
 f - a potion of brilliance
 i - 19 potions of curing
 l - 5 potions of cancellation
 o - 7 potions of lignification
 p - 4 potions of haste
 x - 6 potions of magic
 P - 4 potions of agility
 T - 3 potions of resistance
 U - a potion of cure mutation {!q}
Miscellaneous
 k - a disc of storms
 n - a box of beasts
 w - 3 phantom mirrors
 B - a stone of tremors
 I - an ornate deck of defence {the Cloud}
 J - a lamp of fire
 S - a phial of floods
 Y - a sack of spiders {used: 3}
Comestibles
 b - 26 bread rations


   Skills:
 - Level 17.4 Fighting
 - Level 8.8(13.2) Short Blades
 - Level 12.2(16.3) Dodging
 - Level 21.2 Stealth
 - Level 5.7(8.8) Shields
 - Level 17.6 Spellcasting
 - Level 14.0(18.0) Conjurations
 - Level 15.6(19.5) Necromancy
 - Level 22.0(25.4) Translocations
 + Level 26.0(27) Transmutations
 - Level 9.7(14.0) Earth Magic
 - Level 12.8(16.9) Evocations


You had 2 spell levels left.
You knew the following spells:

 Your Spells              Type           Power        Failure   Level  Hunger
c - Controlled Blink      Tloc           N/A          1%          8    N/A
d - Bolt of Draining      Conj/Necr      #######...   1%          5    N/A
h - Haste                 Chrm           ###.....     100%        6    N/A
n - Necromutation         Trmt/Necr      ########..   3%          8    N/A
o - Orb of Destruction    Conj           #######...   1%          7    N/A
p - Phase Shift           Tloc           #######...   0%          5    N/A
r - Regeneration          Chrm/Necr      ######....   1%          3    N/A
s - Statue Form           Trmt/Erth      #######..    1%          6    N/A
C - Death Channel         Necr           ########..   1%          6    N/A
S - Shadow Creatures      Summ           N/A          86%         5    N/A

Dungeon Overview and Level Annotations

Branches:
Dungeon (15/15)            Temple (1/1) D:5            Lair (8/8) D:8
 Shoals (4/4) Lair:6       Spider (4/4) Lair:3        Slime (6/6) Lair:8
    Orc (4/4) D:10            Elf (3/3) Orc:4        Vaults (5/5) D:14
  Crypt (3/3) Vaults:2       Tomb (0/3) Crypt:3      Depths (5/5) D:15
    Zot (5/5) Depths:5

Altars:
Ashenzari
Cheibriados
Dithmenos
Elyvilon
Fedhas
Gozag
Kikubaaqudgha
Makhleb
Nemelex Xobeh
Okawaru
Qazlal
Ru
Sif Muna
Trog
Vehumet
Xom
Yredelemnul
Zin
The Shining One
Beogh
Jiyva

Shops:
D:5 }   D:6 :   D:9 !*=?(   D:10 =   D:11 *   D:13 =   Orc:3 (   Orc:4 *%%(![
Elf:1 (   Vaults:2 [   Depths:1 !   Depths:5 ![

Portals:
Hell: Depths:1 Depths:2 Depths:3 Depths:4 Depths:5
Abyss: Depths:4
Pandemonium: Depths:2 Depths:3
Ziggurat: Depths:3
Trove: Depths:1 (give 7 potions of haste)


Innate Abilities, Weirdness & Mutations

You have razor-sharp teeth.
You regenerate.
When hurt, damage is shared between your health and your magic reserves.
Your bite disrupts and absorbs the magic of your enemies.
Potions and wands cannot restore your health.
You are immune to rotting.


Message History

There is a stone staircase leading up here.
You fly upwards.
There is a stone staircase leading down here.
You see here an uncursed club.
A red devil comes into view. It is wielding a trident.
The red devil hits you from afar with a trident!
You see here a +0 club.
There is a stone staircase leading down here.
You closely miss the red devil. You bite the red devil!! You drain its power.
You feel invigorated.
The red devil is severely wounded.
The red devil misses you.
You puncture the red devil! You bite the red devil. You drain its power.
The red devil is almost dead.
You hit the red devil but do no damage.
There is a sudden explosion of sparks!
You kill the red devil!
No target in view!
HP restored.
There is a staircase leading out of the dungeon here.
You have escaped!

.# #..........#..... .#
#..........#..... .#########
#...##........### .........#
#...#########.##. #........#
##### #.### .........# #####.#
)........# #...#.###
.........# ##### #.#......
#........# ####L..###
##.######)
#........####........###...###
#.
............#<..###(..##.#.#.#
#. #.......[##.#.###
##.......#.# #.
#........##.#<##
#......##.###.
###.........#..#
##....###..... #.........##.##
#....###)####
#.........##..#####...).##>#
###.........###...##.)..#...)#
#


There were no monsters in sight!

Vanquished Creatures
  the royal jelly (Slime:6)
  8 orbs of fire (Zot:5)
  3 ancient liches
  2 juggernauts (Depths:4)
  A greater mummy (Crypt:3)
  Norris (Depths:1)
  A curse toe (Zot:3)
  2 caustic shrikes (Depths:4)
  3 Killer Klowns (Zot:5)
  Nikola (Shoals:4)
  15 golden dragons
  Jory (Crypt:2)
  Arachne (Spider:3)
  2 electric golems
  The ghost of Britaniac the Scorcher, an adept GrFE of Vehumet (Shoals:4)
  Rupert (D:14)
  5 liches
  13 tentacled monstrosities
  An Ice Fiend (Zot:1)
  20 acid blobs
  27 Orb Guardians
  3 deep elf blademasters (Elf:3)
  5 titans
  2 deep elf master archers (Elf:3)
  11 death cobs
  An octopode crusher (Depths:2)
  6 sphinxes
  Polyphemus (Shoals:4)
  10 tengu reavers
  A kraken (Shoals:3)
  Gastronok (D:9)
  2 ancient champions
  Frances (Shoals:1)
  Kirke (D:15)
  6 draconian monks
  10 shadow dragons
  20 storm dragons
  3 revenants
  Roxanne (Spider:3)
  A blood saint (D:4)
  A daeva (Depths:3)
  An azure jelly (shapeshifter) (Depths:4)
  Ilsuiw (Shoals:4)
  Wiglaf (Vaults:2)
  8 azure jellies
  9 deep elf sorcerers
  Donald (Vaults:3)
  3 iron dragons
  13 frost giants
  12 fire giants
  9 draconian knights
  2 ghost moths (Spider:4)
  4 draconian scorchers
  6 emperor scorpions
  A curse skull (Crypt:2)
  7 draconian zealots
  2 ghouls (Crypt:1)
  16 vault wardens
  6 draconian shifters
  2 war gargoyles
  A reaper (D:5)
  A cacodemon (Depths:2)
  A warmonger (D:5)
  19 stone giants
  2 spriggan defenders (Depths:4)
  The ghost of Bubs the Blocker, a journeyman DsAK of Lugonu (Orc:3)
  15 ironheart preservers
  An orange crystal statue (WizLab)
  6 draconian annihilators
  4 vampire knights
  11 very ugly things
  2 draconian callers
  11 green draconians
  6 deep elf demonologists
  8 black draconians
  14 deep elf annihilators
  12 white draconians
  9 red draconians
  2 salamander stormcallers
  14 mottled draconians
  4 eidola
  17 purple draconians
  14 yellow draconians
  12 jiangshi
  Snorg (D:12)
  5 merfolk javelineers
  28 vault guards
  A blizzard demon (D:4)
  5 merfolk impalers
  11 deep elf death magi
  12 fire dragons
  6 mummy priests (Crypt:3)
  12 ettins
  13 yaktaur captains
  12 death oozes
  11 entropy weavers
  16 ice dragons
  6 rakshasas
  11 deep elf high priests
  A catoblepas (Shoals:4)
  13 great orbs of eyes
  7 hydras
  A merfolk avatar (Shoals:4)
  A ghost crab (shapeshifter) (Vaults:4)
  A merfolk aquamancer (Shoals:1)
  An anaconda (shapeshifter) (Vaults:5)
  An alligator snapping turtle (Shoals:3)
  The ghost of emiel the Grappler, a novice TrGl of Cheibriados (D:13)
  A hell beast (D:4)
  Erica (D:10)
  6 spriggan air magi
  18 dancing weapons
  6 tengu warriors
  8 centaur warriors
  11 deep troll earth magi
  18 ogre magi
  2 death knights (Crypt:3)
  A satyr (Shoals:3)
  6 death yaks
  10 vampire magi
  6 spriggan berserkers
  5 soul eaters
  A shock serpent (shapeshifter) (Depths:5)
  2 orc high priests (Elf:2)
  8 hell knights
  7 deep troll shamans
  2 sun demons
  22 deep elf knights
  A small abomination (Vaults:5)
  3 fire crabs
  2 wizards (Vaults:1)
  5 flayed ghosts
  A storm dragon skeleton (Crypt:2)
  A giant orange brain (shapeshifter) (Depths:1)
  38 skeletal warriors
  7 sea snakes
  5 shadow wraiths (Crypt:3)
  24 deep trolls
  3 unseen horrors (shapeshifter)
  A gelid demonspawn (D:5)
  A putrid demonspawn (D:5)
  10 giant orange brains
  11 ironbrand convokers
  3 ice devils
  10 deep elf summoners
  An infernal demonspawn (Depths:2)
  2 unseen horrors
  7 phantasmal warriors
  7 hill giants
  17 harpies
  57 ugly things
  3 orc sorcerers
  An orb spider (shapeshifter) (D:12)
  10 cyclopes
  14 orc knights
  11 orb spiders
  23 wolf spiders
  21 deep elf conjurers
  10 griffons
  An iron dragon zombie (Crypt:2)
  2 sixfirhies
  5 necromancers
  A faun (shapeshifter) (Vaults:2)
  A hornet (shapeshifter) (Elf:1)
  A water nymph (Shoals:3)
  5 shining eyes
  A salamander (shapeshifter) (Vaults:1)
  9 hornets
  14 fauns
  22 moths of wrath
  7 manticores
  A sphinx skeleton (Vaults:2)
  21 elephants
  A salamander (Depths:1)
  An iron dragon skeleton (Crypt:3)
  A shock serpent zombie (Crypt:3)
  A frost giant skeleton (Crypt:2)
  Maurice (D:12)
  A black mamba (shapeshifter) (Vaults:3)
  3 fire giant skeletons
  Joseph (D:9)
  A smoke demon (Depths:5)
  3 stone giant skeletons
  8 vault sentinels
  7 sirens
  28 spiny frogs
  2 ice statues (IceCv)
  An eye of devastation (shapeshifter) (Depths:4)
  4 eyes of devastation
  A dire elephant skeleton (Crypt:1)
  A naga mage (Depths:5)
  6 black mambas
  4 torpor snails
  A storm dragon simulacrum (Crypt:2)
  A gargoyle (D:14)
  41 yaktaurs
  A hellion (D:2)
  An anaconda simulacrum (Crypt:2)
  A hellwing (Depths:4)
  10 demonic crawlers
  A catoblepas zombie (Crypt:2)
  4 fire drakes
  A hydra zombie (Crypt:1)
  33 guardian mummies (Crypt:3)
  6 komodo dragons
  5 tengu conjurers
  A yaktaur skeleton (Vaults:2)
  3 freezing wraiths
  A yellow draconian skeleton (Crypt:3)
  10 deep elf priests
  A queen ant zombie (Crypt:2)
  2 kobold demonologists
  A spriggan druid (Lair:4)
  5 wind drakes
  25 merfolk
  A queen bee (shapeshifter) (Vaults:2)
  A red devil (D:1)
  12 trolls
  A polar bear (shapeshifter) (Vaults:1)
  A harpy zombie (D:15)
  6 blue devils
  A hydra skeleton (Crypt:2)
  9 ushabtiu (Crypt:3)
  4 giant leeches (Lair:8)
  45 jumping spiders
  A fire dragon zombie (Crypt:2)
  2 raiju (shapeshifter)
  35 two-headed ogres
  A bog body (Crypt:1)
  A death drake skeleton (Crypt:1)
  23 deep elf magi
  2 snapping turtles
  40 slime creatures
  A fire giant simulacrum (Vaults:1)
  6 boulder beetles
  A centaur simulacrum (D:15)
  2 wyverns
  23 blink frogs
  An ice dragon skeleton (Crypt:3)
  5 air elementals (Depths:5)
  9 flying skulls (Crypt:3)
  14 water elementals
  A ynoxinul (Depths:2)
  An iron dragon simulacrum (Crypt:2)
  6 wraiths
  2 vampires (Crypt:2)
  An ettin skeleton (Vaults:2)
  16 trapdoor spiders
  33 tarantellas
  A neqoxec (Depths:2)
  54 yaks
  A redback (shapeshifter) (Depths:2)
  75 redbacks
  3 fire bats (Volcano)
  5 shadows
  A hog (D:15)
  2 basilisks (Lair:7)
  2 hungry ghosts
  11 golden eyes
  10 hippogriffs
  4 wargs
  7 wolves
  A human (D:8)
  3 hippogriffs (shapeshifter)
  28 deep elf fighters
  3 mottled dragons
  A human (shapeshifter) (Vaults:3)
  10 vampire mosquitoes
  17 insubstantial wisps (D:15)
  Edmund (D:6)
  2 soldier ants (D:13)
  14 swamp worms (Spider:2)
  8 water moccasins
  A faun zombie (Crypt:3)
  A harpy simulacrum (Crypt:2)
  A spiny frog zombie (Crypt:2)
  An orb spider zombie (Crypt:3)
  17 porcupines
  A black bear (shapeshifter) (Elf:1)
  44 spiders
  4 eyes of draining
  4 black bears
  4 necrophages
  80 ogres
  4 sky beasts
  4 ice beasts
  3 phantoms
  A swamp dragon zombie (Crypt:3)
  13 crocodiles
  28 orc warriors
  3 wasps
  19 boggarts
  28 centaurs
  A human skeleton (Vaults:2)
  A blink frog skeleton (Crypt:2)
  A giant frog (shapeshifter) (Vaults:5)
  9 big kobolds
  A scorpion (shapeshifter) (Vaults:3)
  4 scorpions
  34 giant frogs
  A wyvern skeleton (D:13)
  11 killer bees
  4 electric eels
  5 crimson imps
  4 wights (D:9)
  2 centaur zombies
  3 quasits (Depths:2)
  4 giant frog skeletons
  A giant frog zombie (D:10)
  A soldier ant zombie (Crypt:2)
  5 centaur skeletons
  Crazy Yiuf (D:2)
  4 hounds
  18 jellies
  18 orc priests
  31 orc wizards
  A porcupine zombie (Crypt:3)
  2 iron imps
  8 iguanas
  15 worker ants
  25 sheep
  3 killer bee zombies
  A felid zombie (Crypt:3)
  A demigod skeleton (Crypt:1)
  A hound zombie (D:9)
  A hound skeleton (D:10)
  10 mummies (Crypt:3)
  A worker ant zombie (D:9)
  7 gnolls
  11 adders
  27 river rats
  6 shadow imps
  9 white imps
  An ooze (D:2)
  9 ufetubi
  5 adder zombies
  3 adder skeletons
  An iguana skeleton (Crypt:2)
  7 worms
  A worm (shapeshifter) (Vaults:4)
  181 orcs
  8 giant cockroaches
  A gnoll zombie (Crypt:1)
  8 hobgoblins
  11 jackals
  40 kobolds
  5 quokkas
  A ball python zombie (Crypt:1)
  10 bats
  A giant cockroach zombie (D:5)
  10 giant geckos
  6 giant newts
  11 goblins
  A hobgoblin skeleton (Crypt:1)
  A quokka skeleton (D:5)
  2 rats
  12 crawling corpses (Vaults:5)
  2 fire vortices (Vaults:4)
  A fungus (Depths:4)
  4 plants
  5 tentacles
  A tentacle segment (Shoals:3)
2913 creatures vanquished.

Vanquished Creatures (collateral kills)
  An orb of fire (Zot:5)
  2 electric golems (Zot:5)
  4 Orb Guardians (Zot:5)
  A kraken (Shoals:4)
  The ghost of Bubs the Blocker, an adept DsAK of Lugonu (Shoals:4)
  3 mottled draconians
  A green draconian (Zot:4)
  A black draconian (Zot:4)
  A white draconian (Zot:4)
  A merfolk javelineer (Shoals:4)
  2 merfolk impalers (Shoals:4)
  A fire dragon (Zot:5)
  A merfolk avatar (Shoals:4)
  2 merfolk aquamancers (Shoals:4)
  2 satyrs (Shoals:4)
  A tengu warrior (Depths:4)
  4 harpies (Shoals:4)
  2 cyclopes (Shoals:4)
  A manticore (Shoals:4)
  4 fauns (Shoals:4)
  A siren (Shoals:4)
  A merfolk (Shoals:4)
  2 snapping turtles (Shoals:4)
  2 sheep (Shoals:4)
  3 orcs (D:11)
  9 plants (Shoals:4)
54 creatures vanquished.

Vanquished Creatures (others)
  2 sphinxes (Vaults:5)
  An ironheart preserver (Vaults:5)
  A yellow draconian (Zot:3)
  An ettin (Vaults:5)
  A deep elf death mage (Vaults:5)
  A yaktaur captain (Vaults:5)
  A deep elf high priest (Elf:3)
  An ogre mage (Vaults:5)
  A deep troll earth mage (Vaults:5)
  7 ball lightnings (D:15)
  3 deep trolls
  2 fauns (Shoals:4)
  A vault sentinel (Vaults:5)
  A yaktaur (Depths:4)
  A wind drake (D:15)
  A two-headed ogre (shapeshifter) (Depths:4)
  A boulder beetle (Vaults:5)
  2 humans (D:15)
  An ogre (Vaults:5)
  2 white imps (IceCv)
  An ufetubus (IceCv)
  A fire vortex (Vaults:4)
  23 fungi
  5 lost souls
  35 plants
  24 tentacles
  585 tentacle segments
706 creatures vanquished.

Grand Total: 3673 creatures vanquished

Notes
Turn   | Place    | Note
--------------------------------------------------------------
     0 | D:1      | Miyamura the Vine Stalker Monk began the quest for the Orb.
     0 | D:1      | Reached XP level 1. HP: 11/11 MP: 2/2
   134 | D:1      | Reached XP level 2. HP: 16/16 MP: 3/3
   681 | D:1      | Reached XP level 3. HP: 13/19 MP: 4/4
   779 | D:1      | Gained mutation: Your muscles are strong. (Str +2) [potion of beneficial mutation]
   780 | D:1      | Gained mutation: You passively map a small area around you. [potion of beneficial mutation]
  1484 | D:2      | Reached XP level 4. HP: 24/24 MP: 5/5
  1899 | D:3      | Noticed Crazy Yiuf
  2001 | D:2      | Killed Crazy Yiuf
  2001 | D:2      | Reached XP level 5. HP: 22/28 MP: 6/6
  2971 | D:4      | Reached skill level 5 in Unarmed Combat
  2971 | D:4      | Gained mutation: You heal very quickly. [Vine Stalker growth]
  2971 | D:4      | Reached XP level 6. HP: 32/32 MP: 7/7
  3074 | D:4      | Reached skill level 1 in Evocations
  3219 | D:3      | Reached skill level 5 in Stealth
  3332 | D:4      | Got a bloodstained long sword
  3333 | D:4      | Identified the cursed +0 long sword of Inflation {antimagic, rElec Int-3 SInv Stlth-} (You found it on level 4 of the Dungeon)
  3379 | D:4      | Reached XP level 7. HP: 33/37 MP: 9/9
  3648 | D:5      | Entered Level 5 of the Dungeon
  3829 | D:5      | Found Owoev's Gadget Shop.
  4021 | D:5      | Found a staircase to the Ecumenical Temple.
  4027 | Temple   | Entered the Ecumenical Temple
  4121 | Temple   | Became a worshipper of Ashenzari the Shackled
  4121 | Temple   | Reached * piety under Ashenzari
  4121 | Temple   | Reached ** piety under Ashenzari
  4292 | D:5      | Reached skill level 6 in Stealth
  4292 | D:5      | Gained mutation: You have razor-sharp teeth. [Vine Stalker growth]
  4292 | D:5      | Reached XP level 8. HP: 40/42 MP: 10/10
  4495 | D:5      | Found an iron altar of Okawaru.
  4863 | D:6      | Noticed Edmund
  4897 | D:6      | Reached skill level 5 in Fighting
  4945 | D:6      | Killed Edmund
  4945 | D:6      | Reached skill level 7 in Stealth
  5097 | D:6      | Reached XP level 9. HP: 47/47 MP: 12/12
  5296 | D:6      | Found Caseet's Book Shop.
  5572 | D:7      | Reached skill level 5 in Dodging
  5633 | D:7      | Found a glowing silver altar of Zin.
  5634 | D:7      | Found a shimmering altar of Xom.
  5634 | D:7      | Found a radiant altar of Vehumet.
  5636 | D:7      | Found a deep blue altar of Sif Muna.
  5641 | D:7      | Found a stormy altar of Qazlal.
  5850 | D:7      | Got the short sword "Meveiho" {elec, Str-5 Int+9 Stlth+}
  5851 | D:7      | Identified the +6 short sword "Meveiho" {elec, Str-5 Int+9 Stlth+} (You took it off an orc on level 7 of the Dungeon)
  5896 | D:7      | Got the dagger "Qahu" {speed, Str+4}
  5897 | D:7      | Identified the +10 dagger "Qahu" {speed, Str+4} (You found it on level 7 of the Dungeon)
  6068 | D:7      | Reached skill level 8 in Stealth
  6188 | D:7      | Found a white marble altar of Elyvilon.
  6245 | D:7      | Found a basalt altar of Yredelemnul.
  6467 | D:8      | Found a flagged portal.
  6492 | D:8      | Reached skill level 1 in Short Blades
  6492 | D:8      | Reached skill level 1 in Spellcasting
  6524 | D:8      | Noticed a fire drake
  6531 | D:8      | Found a staircase to the Lair.
  6534 | D:8      | Killed a fire drake
  6535 | D:8      | Reached XP level 10. HP: 45/53 MP: 14/14
  6552 | Bailey   | Entered a bailey
  6652 | Bailey   | Reached skill level 5 in Evocations
  6655 | Bailey   | Noticed an orc knight
  6688 | Bailey   | Killed an orc knight
  6727 | Bailey   | Found a bloodstained altar of Trog.
  6906 | D:8      | Reached skill level 9 in Stealth
  7168 | D:8      | Found a shadowy altar of Dithmenos.
  7226 | Lair:1   | Entered Level 1 of the Lair of Beasts
  7414 | Lair:1   | Reached *** piety under Ashenzari
  7771 | Lair:1   | Reached XP level 11. HP: 33/58 MP: 13/18
  8262 | Lair:2   | Reached skill level 10 in Stealth
  8426 | Lair:2   | Got the flail "Xavucob" {flame, MR+ MP+9 Dex-3}
  8810 | Lair:2   | Reached **** piety under Ashenzari
  9254 | Lair:3   | Found a dark tunnel.
  9260 | Volcano  | Entered a volcano
  9276 | Volcano  | Reached skill level 5 in Spellcasting
  9529 | Lair:3   | Found a hole to the Spider Nest.
  9737 | Lair:3   | Identified the +3 flail "Xavucob" {flame, MR+ MP+9 Dex-3} (You found it on level 2 of the Lair of Beasts)
 10123 | Lair:3   | Reached skill level 5 in Short Blades
 10273 | Lair:3   | Reached skill level 11 in Stealth
 10517 | Lair:4   | Gained mutation: You regenerate. [Vine Stalker growth]
 10517 | Lair:4   | Reached XP level 12. HP: 64/64 MP: 21/21
 10600 | Lair:4   | Lost mutation: Your muscles are strong. (Str +2) [potion of mutation]
 10600 | Lair:4   | Gained mutation: You are resistant to hostile enchantments. [potion of mutation]
 10600 | Lair:4   | Gained mutation: You can spit weak poison. [potion of mutation]
 11009 | Lair:4   | Learned a level 3 spell: Stone Arrow
 11853 | Lair:5   | Noticed a four-headed hydra
 11921 | Lair:5   | Killed a four-headed hydra
 12040 | Lair:5   | Reached ***** piety under Ashenzari
 12063 | Lair:5   | Reached skill level 1 in Conjurations
 12488 | Lair:5   | Reduced skill Unarmed Combat to level 5
 12506 | Lair:6   | Found a staircase to the Shoals.
 12593 | Lair:6   | Learned a level 5 spell: Bolt of Draining
 12606 | Lair:6   | Reached skill level 12 in Stealth
 12627 | Lair:6   | Reached skill level 5 in Conjurations
 12970 | Lair:6   | Reached XP level 13. HP: 46/70 MP: 16/24
 13206 | Lair:6   | Got the uncursed helmet "Eseoqec" {Dex+6}
 13212 | Lair:6   | Identified the +2 helmet "Eseoqec" {Dex+6} (You found it on level 6 of the Lair of Beasts)
 13484 | Lair:7   | Reduced skill Unarmed Combat to level 1
 14370 | Lair:8   | Entered Level 8 of the Lair of Beasts
 14437 | Lair:8   | Reached skill level 13 in Stealth
 14656 | Lair:8   | Learned a level 5 spell: Agony
 14906 | Lair:8   | Reached XP level 14. HP: 76/76 MP: 27/27
 15091 | Lair:8   | Found a staircase to the Slime Pits.
 15212 | Lair:8   | Reached skill level 10 in Fighting
 16295 | Lair:3   | Noticed a seven-headed hydra
 16307 | Lair:3   | Killed a seven-headed hydra
 16395 | Lair:1   | Learned a level 6 spell: Death Channel
 16413 | D:9      | Found Seratt's Distillery.
 16470 | D:9      | Noticed Joseph
 16477 | D:9      | Killed Joseph
 16604 | D:9      | Found Awurus's Antique Weapon Shoppe.
 16616 | D:9      | Found a sacrificial altar of Ru.
 16616 | D:9      | Found a sparkling altar of Nemelex Xobeh.
 16652 | D:9      | Found Nar Rish's Jewellery Emporium.
 16694 | D:9      | Identified the +1 spear "Zysoyry" {holy, rPois Str-4 Int+3}
 16735 | D:9      | Found Uczukledwuo's Magic Scroll Shop.
 16877 | D:9      | Bought 3 scrolls of enchant armour for 337 gold pieces
 16877 | D:9      | Bought a scroll of enchant armour for 112 gold pieces
 16877 | D:9      | Bought a scroll of amnesia for 52 gold pieces
 16877 | D:9      | Bought a scroll of teleportation for 45 gold pieces
 16877 | D:9      | Bought a scroll of magic mapping for 52 gold pieces
 16969 | D:9      | Found Imel's Assorted Antiques.
 16972 | D:9      | Bought a pair of runed gloves for 126 gold pieces
 16972 | D:9      | Bought a scroll of teleportation for 84 gold pieces
 16972 | D:9      | Bought a purple potion for 25 gold pieces
 17117 | D:9      | Noticed Gastronok
 17149 | D:9      | Killed Gastronok
 17294 | D:9      | Found an opulent altar of Gozag.
 17312 | D:10     | Entered Level 10 of the Dungeon
 17312 | D:10     | Found Raikurph's Jewellery Shop.
 17313 | D:10     | Found a staircase to the Orcish Mines.
 17331 | D:10     | Identified the +4 dire flail of Jerob {vamp, rPois Str+4 SInv}
 17363 | D:10     | Noticed Erica
 17371 | D:10     | Killed Erica
 17407 | D:10     | Identified a scroll of acquirement
 17544 | D:10     | Bought a cursed amulet of regeneration for 378 gold pieces
 18012 | Orc:1    | Entered Level 1 of the Orcish Mines
 18582 | Orc:2    | Found a roughly hewn altar of Beogh.
 18954 | Orc:3    | Noticed Bubs's ghost (journeyman DsAK)
 19036 | Orc:3    | Found Cenell's Antique Weapon Shoppe.
 19067 | Orc:3    | Bought a blowgun for 77 gold pieces
 19322 | Orc:3    | Reached ****** piety under Ashenzari
 19613 | Orc:3    | Killed Bubs's ghost
 19613 | Orc:3    | Reached skill level 14 in Stealth
 19696 | Orc:4    | Entered Level 4 of the Orcish Mines
 19697 | Orc:4    | Found a roughly hewn altar of Beogh.
 19837 | Orc:4    | Found Toqoic's Tempting Trifles.
 19841 | Orc:4    | Found Cadghixia's Food Boutique.
 19883 | Orc:4    | Found a frozen archway.
 19916 | IceCv    | Entered an ice cave
 20276 | IceCv    | Reached XP level 15. HP: 70/81 MP: 29/29
 20386 | IceCv    | Identified the +4 demon blade "Impu" {venom, +Blink rElec rC- Dex+10}
 20397 | IceCv    | Got the uncursed buckler "Ylar Cicwop" {rPois rC+}
 20403 | IceCv    | Identified the +4 buckler "Ylar Cicwop" {rPois rC+} (You found it in an ice cave)
 20583 | Orc:4    | Found a staircase to the Elven Halls.
 20651 | Orc:4    | Reached skill level 1 in Shields
 20918 | Orc:4    | Found Ekkiphox's Food Shop.
 21124 | Orc:4    | Reached skill level 5 in Shields
 21164 | Orc:4    | Found Juangie's Distillery.
 21222 | Orc:4    | Found Zeorch Eseicw's Armour Emporium.
 21235 | Orc:4    | Found Koffuc's Antique Weapon Boutique.
 21260 | Orc:4    | Bought a potion of beneficial mutation for 455 gold pieces
 21315 | Orc:4    | Bought a potion of berserk rage for 65 gold pieces
 21331 | Orc:4    | Bought a translucent falchion for 248 gold pieces
 21331 | Orc:4    | Identified the +5 falchion of Hacking and Slashing {drain, +Inv Int+3} (You bought it in a shop on level 4 of the Orcish Mines)
 21545 | D:11     | Identified the cursed +0 chain mail "Wemmi" {rCorr}
 21572 | D:11     | Identified the cursed +0 ring mail of Intercession {rElec MR+}
 21846 | D:11     | Found Nusedo Othrul's Assorted Antiques.
 21855 | D:11     | Bought 2 scrolls of identify for 136 gold pieces
 21855 | D:11     | Bought a scroll labeled ELOHIEHEXI for 34 gold pieces
 22000 | D:11     | Reached skill level 10 in Evocations
 22313 | D:12     | Noticed Maurice
 22327 | D:12     | Killed Maurice
 22519 | D:12     | Noticed Snorg
 22533 | D:12     | Killed Snorg
 22698 | D:12     | Found a shimmering altar of Xom.
 23207 | D:13     | Reached skill level 10 in Spellcasting
 23332 | D:13     | Found Syxtumeg's Jewellery Boutique.
 23338 | D:13     | Bought the amulet "Tetsuav" {Ward rN+ Str+7 Dex+7} for 873 gold pieces
 23338 | D:13     | Bought a cursed amulet of inaccuracy for 34 gold pieces
 23497 | D:13     | Noticed emiel's ghost (novice TrGl)
 23520 | D:13     | Killed emiel's ghost
 24066 | D:14     | Noticed Rupert
 24072 | D:14     | Killed Rupert
 24072 | D:14     | Reached skill level 10 in Dodging
 24283 | D:14     | Found a gate to the Vaults.
 24370 | D:14     | Reached skill level 5 in Necromancy
 24498 | D:14     | Learned a level 5 spell: Phase Shift
 24504 | D:14     | Learned a level 5 spell: Shadow Creatures
 25085 | D:15     | Entered Level 15 of the Dungeon
 25106 | D:15     | Reached XP level 16. HP: 82/87 MP: 31/31
 25200 | D:15     | Noticed Kirke
 25201 | D:15     | Killed Kirke
 25321 | D:15     | Found a staircase to the Depths.
 26480 | Spider:1 | Entered Level 1 of the Spider Nest
 26790 | Spider:1 | Learned a level 6 spell: Statue Form
 27020 | Spider:1 | Reached skill level 1 in Earth Magic
 27303 | Spider:1 | Identified the +3 scale mail "Jeonav" {MP+9}
 28557 | Spider:3 | Identified the ring "Ythreeng" {rF+ Int+4 Slay-3 SInv Stlth+}
 28592 | Spider:3 | Reached XP level 17. HP: 87/93 MP: 33/33
 28657 | Spider:3 | Noticed Roxanne
 28705 | Spider:3 | Killed Roxanne
 29014 | Spider:3 | Noticed Arachne
 29020 | Spider:3 | Killed Arachne
 29302 | Spider:4 | Entered Level 4 of the Spider Nest
 30075 | Spider:4 | Reached skill level 5 in Earth Magic
 30798 | Spider:4 | Got a gossamer rune of Zot
 31158 | D:9      | Bought a scroll of remove curse for 45 gold pieces
 31322 | Elf:1    | Entered Level 1 of the Elven Halls
 31454 | Elf:1    | Found a magical portal.
 31463 | WizLab   | Entered Wucad Mu's Monastery
 31824 | WizLab   | Reached XP level 18. HP: 99/99 MP: 35/35
 31845 | WizLab   | Gained mutation: You have a pair of small horns on your head. [potion of beneficial mutation]
 31846 | WizLab   | Lost mutation: You can spit weak poison. [potion of cure mutation]
 31846 | WizLab   | Lost mutation: You are resistant to hostile enchantments. [potion of cure mutation]
 31846 | WizLab   | Lost mutation: You passively map a small area around you. [potion of cure mutation]
 31846 | WizLab   | Lost mutation: You have a pair of small horns on your head. [potion of cure mutation]
 31857 | WizLab   | Learned a level 6 spell: Haste
 32021 | Elf:1    | Reached XP level 19. HP: 103/103 MP: 36/36
 32051 | Elf:1    | Identified the Handbook of Attacks and Intoxication
 32056 | Elf:1    | Identified Fiomp's Reference Book on Dark Attacks (You acquired it on level 1 of the Elven Halls)
 32341 | Elf:1    | Found Veuhunot's Weapon Shoppe.
 32898 | Elf:2    | Reached skill level 15 in Fighting
 32959 | Elf:2    | Found a runed gate.
 32964 | Elf:2    | Found a runed gate.
 32964 | Elf:2    | Found a runed gate.
 33330 | Elf:2    | Reached skill level 16 in Fighting
 33571 | Elf:2    | Reached skill level 17 in Fighting
 33800 | Elf:3    | Entered Level 3 of the Elven Halls
 33912 | Elf:3    | Noticed a Brimstone Fiend
 34376 | Elf:3    | Reached XP level 20. HP: 107/117 MP: 37/37
 34448 | Elf:3    | Identified a +2 rod of clouds (0/12) (You took it off a deep elf sorcerer on level 3 of the Elven Halls)
 34956 | Elf:3    | Identified the cursed +0 mace of Kopniux {freeze, MR+ Int+4} (You took it off a deep elf demonologist on level 3 of the Elven Halls)
 35493 | Elf:3    | Identified the cursed +1 scale mail of Bitterness {MR+ Str-5 Dex+5 Slay+2}
 35518 | Elf:3    | Identified the Grimoire of Dislocation
 35604 | Elf:3    | Identified the +0 scale mail "Ligiukh" {rC+ Str+4 Int+4 Stlth+}
 35609 | Elf:3    | Identified the +5 ring mail of Duck's Teeth {Str+2 Stlth+}
 35621 | Elf:3    | Identified the ring "Eloub" {+Inv +Fly Int+3 Dex+2}
 35641 | Elf:3    | Identified Iluu's Grimoire of Creative Evil
 35648 | Elf:3    | Learned a level 3 spell: Regeneration
 36071 | D:11     | Bought a pair of boots for 153 gold pieces
 36300 | Shoals:1 | Entered Level 1 of the Shoals
 36365 | Shoals:1 | Reached skill level 15 in Stealth
 36513 | Shoals:1 | Noticed Frances
 36539 | Shoals:1 | Killed Frances
 36911 | Shoals:2 | Identified the +1 ring mail of Resourcefulness {rElec MR+ Int-3 Dex+3}
 37618 | Shoals:3 | Reached skill level 18 in Stealth
 38149 | Shoals:3 | Reached skill level 19 in Stealth
 38226 | Shoals:4 | Entered Level 4 of the Shoals
 38258 | Shoals:4 | Noticed Polyphemus
 38348 | Shoals:4 | Killed Polyphemus
 38407 | Shoals:4 | Reached skill level 20 in Stealth
 38420 | Shoals:4 | Noticed Nikola
 38451 | Shoals:4 | Killed Nikola
 38460 | Shoals:4 | Noticed Ilsuiw
 38507 | Shoals:4 | Reached XP level 21. HP: 90/122 MP: 38/38
 38512 | Shoals:4 | Noticed Bubs's ghost (adept DsAK)
 38514 | Shoals:4 | Killed Ilsuiw
 38532 | Shoals:4 | Killed Bubs's ghost
 38565 | Shoals:4 | Reached skill level 21 in Stealth
 38610 | Shoals:4 | Got a barnacled rune of Zot
 38704 | Shoals:4 | Your ally Ilsuiw died
 38962 | Shoals:4 | Noticed Britaniac's ghost (adept GrFE)
 38982 | Shoals:4 | Identified A Thorough Guide to Secret Knowledge (You found it on level 4 of the Shoals)
 39001 | Shoals:4 | Killed Britaniac's ghost
 39053 | Shoals:4 | Identified the ring "Udaf Uga" {+Blink +Inv rC+ rN+ Int-2} (You took it off a merfolk on level 4 of the Shoals)
 39623 | Lair:1   | Learned a level 8 spell: Controlled Blink
 39730 | Orc:4    | Bought a manual of Translocations for 1876 gold pieces
 39996 | Vaults:1 | Entered Level 1 of the Vaults
 40017 | Vaults:1 | Reached skill level 1 in Translocations
 40174 | Vaults:1 | Reached skill level 5 in Translocations
 40683 | Vaults:1 | Reached skill level 10 in Translocations
 41695 | Vaults:2 | Noticed Wiglaf
 41702 | Vaults:2 | Killed Wiglaf
 41859 | Vaults:2 | Found a staircase to the Crypt.
 42133 | Vaults:2 | Reached XP level 22. HP: 119/127 MP: 40/40
 43025 | Vaults:2 | Found Iggeplawk's Armour Emporium.
 43504 | Vaults:3 | Reached skill level 15 in Translocations
 43566 | Vaults:3 | Found an ancient bone altar of Kikubaaqudgha.
 43826 | Vaults:3 | Noticed Donald
 43844 | Vaults:3 | Killed Donald
 44028 | Vaults:3 | Identified the +0 cloak of the Arcane {rElec rF+++ rN+ Int+2}
 44350 | Vaults:3 | Identified the +8 triple crossbow "Qeadin" {venom, rPois rN+}
 45284 | Vaults:4 | Reached XP level 23. HP: 120/131 MP: 41/41
 46185 | Depths:1 | Entered Level 1 of the Depths
 46280 | Depths:1 | Found Neaxzun's Distillery.
 46297 | Depths:1 | Found a snail-covered altar of Cheibriados.
 46328 | Depths:1 | Found a portal to a secret trove of treasure.
 46512 | Depths:1 | Identified the cursed +0 buckler "Pioh" {Str+4 Int-4}
 46522 | Depths:1 | Noticed Norris
 46535 | Depths:1 | Killed Norris
 46677 | Depths:1 | Bought a potion of agility for 56 gold pieces
 46677 | Depths:1 | Bought a potion of flight for 42 gold pieces
 46768 | Depths:1 | Found a gateway to Hell.
 47916 | Depths:2 | Found a one-way gate leading to the halls of Pandemonium.
 48018 | Depths:2 | Identified the cursed +3 great mace of Liti {freeze, rC+ Int+5}
 49060 | Depths:3 | Found a gateway to a ziggurat.
 50733 | Depths:4 | Found a one-way gate to the infinite horrors of the Abyss.
 50738 | Depths:4 | Reached XP level 24. HP: 136/136 MP: 41/41
 50760 | Depths:4 | Found a deep blue altar of Sif Muna.
 50760 | Depths:4 | Found a blossoming altar of Fedhas.
 50761 | Depths:4 | Found a deep blue altar of Sif Muna.
 51406 | Depths:4 | Noticed a juggernaut
 51454 | Depths:4 | Killed a juggernaut
 51676 | Depths:4 | Reached skill level 22 in Translocations
 51992 | Depths:4 | Identified the +4 chain mail of Tujigai {rF- Str+7}
 52220 | Depths:4 | Noticed a juggernaut
 52449 | Depths:4 | Killed a juggernaut
 52502 | Depths:4 | Identified the ring "Ihaterph" {rC+ rN+ Str+4 Dex-2 Slay+5} (You took it off a fire giant on level 4 of the Depths)
 52502 | Depths:4 | Identified the +7 war axe "Hydrabane" {holy, rElec MR+ Str+3} (You took it off a fire giant on level 4 of the Depths)
 52520 | Depths:4 | Reached skill level 15 in Spellcasting
 52637 | Depths:4 | Reached XP level 25. HP: 113/141 MP: 43/43
 55418 | Depths:5 | Entered Level 5 of the Depths
 55587 | Depths:5 | Found Kiecza's Distillery.
 55991 | Depths:5 | Found a gate to the Realm of Zot.
 56121 | Depths:5 | Found Ameexajo's Antique Armour Shoppe.
 56512 | Depths:5 | Found a runed door.
 56531 | Depths:5 | Found a radiant altar of Vehumet.
 56531 | Depths:5 | Noticed an ancient lich
 56558 | Depths:5 | Killed an ancient lich
 56583 | Depths:5 | Learned a level 7 spell: Orb of Destruction
 56588 | Depths:5 | Identified the Papyrus of Attacks
 57119 | Crypt:1  | Entered Level 1 of the Crypt
 58096 | Crypt:2  | Noticed Jory
 58141 | Crypt:1  | Reached skill level 10 in Conjurations
 58287 | Crypt:2  | Killed Jory
 58968 | Crypt:3  | Entered Level 3 of the Crypt
 59194 | Crypt:3  | Reached XP level 26. HP: 130/146 MP: 45/45
 59409 | Crypt:3  | Found a staircase to the Tomb.
 59869 | Crypt:3  | Found a basalt altar of Yredelemnul.
 59890 | Crypt:3  | Noticed a greater mummy
 59922 | Crypt:3  | Killed a greater mummy
 59925 | Crypt:3  | Identified the ring "Dohicaq" {rPois rN+ Stlth+}
 59978 | Crypt:3  | Learned a level 8 spell: Necromutation
 60010 | Crypt:3  | Identified the ring of Niec {rN+ Int+4} (You found it on level 3 of the Crypt)
 60093 | Crypt:3  | Reached skill level 1 in Transmutations
 61167 | Orc:4    | Bought a manual of Transmutations for 1876 gold pieces
 61271 | D:9      | Bought a scroll of enchant weapon for 210 gold pieces
 61640 | Depths:2 | Reached skill level 5 in Transmutations
 62369 | Vaults:5 | Entered Level 5 of the Vaults
 62374 | Vaults:5 | Reached skill level 10 in Transmutations
 62839 | Vaults:5 | Reached XP level 27. HP: 120/150 MP: 45/45
 63145 | Vaults:5 | Identified the cursed +1 blowgun of Nupheit {speed, rC+ Str+4 Int+4}
 63146 | Vaults:5 | Identified the ring "Zuzekhla" {+/*Tele rC+ Str+6}
 63150 | Vaults:5 | Identified the ring of Renischa {rElec rPois rF+ Str+2 SInv} (You took it off a vault sentinel on level 5 of the Vaults)
 63797 | Vaults:5 | Reached skill level 10 in Necromancy
 63833 | Vaults:5 | Identified the +5 scale mail "Rokylod" {Str+5}
 63956 | Vaults:5 | Identified a +2 rod of inaccuracy (8/11) (You took it off a deep elf conjurer on level 5 of the Vaults)
 63996 | Vaults:5 | Got a silver rune of Zot
 64015 | Vaults:5 | Identified the +8 halberd "Ecuirph" {pain, Dex+7}
 64135 | Vaults:5 | Identified the Almanac of Moulding (You found it on level 5 of the Vaults)
 64946 | Slime:1  | Entered Level 1 of the Pits of Slime
 65151 | Slime:6  | Entered Level 6 of the Pits of Slime
 65409 | Slime:6  | Noticed the royal jelly
 65438 | Slime:6  | Found a viscous altar of Jiyva.
 65518 | Slime:6  | Killed the royal jelly
 65519 | Slime:6  | Identified the amulet "Wuanant" {Gourm rF+}
 65519 | Slime:6  | Identified the ring of Pisenwaa {Ice MP+9 Dex+4}
 65519 | Slime:6  | Identified the +12 spear of the Shoals {freeze, *Corrode rN++}
 65519 | Slime:6  | Identified the cursed +1 scale mail of the Orb Guardian {rElec MR+ Regen+}
 65574 | Slime:6  | Identified the +6 dagger "Doob" {pierce, rPois Stlth+}
 65743 | Slime:6  | Identified the Disquisition on Igneous Conjuration
 65842 | Slime:6  | Got a slimy rune of Zot
 66863 | Zot:1    | Entered Level 1 of the Realm of Zot
 67058 | Zot:1    | Reached skill level 15 in Necromancy
 68184 | Orc:4    | Bought a manual of Transmutations for 1876 gold pieces
 68701 | Depths:4 | Reached skill level 15 in Transmutations
 71821 | Zot:5    | Entered Level 5 of the Realm of Zot
 71897 | Zot:5    | Noticed an ancient lich
 71916 | Zot:5    | Killed an ancient lich
 72125 | Zot:5    | Noticed an ancient lich
 72139 | Zot:5    | Killed an ancient lich
 72337 | Zot:5    | Noticed an orb of fire
 72348 | Zot:5    | Killed an orb of fire
 72366 | Zot:5    | Reached skill level 23 in Transmutations
 72382 | Zot:5    | Noticed an orb of fire
 72399 | Zot:5    | Noticed an orb of fire
 72407 | Zot:5    | Noticed an ancient lich
 72415 | Zot:5    | Killed an orb of fire
 72558 | Zot:5    | Noticed an orb of fire
 72567 | Zot:5    | Noticed an orb of fire
 72582 | Zot:5    | Killed an orb of fire
 72605 | Zot:5    | Killed an orb of fire
 72629 | Zot:5    | Noticed an orb of fire
 72650 | Zot:5    | Noticed an orb of fire
 72655 | Zot:5    | Noticed an orb of fire
 72800 | Zot:5    | Killed an orb of fire
 72800 | Zot:5    | Reached skill level 24 in Transmutations
 72899 | Zot:5    | Killed an orb of fire
 72960 | Zot:5    | Killed an orb of fire
 73064 | Zot:5    | Noticed an orb of fire
 73067 | Zot:5    | Killed an orb of fire
 73117 | Zot:5    | Killed an orb of fire
 73133 | Zot:5    | Reached skill level 25 in Transmutations
 73527 | Zot:5    | Got the Orb of Zot
 74457 | D:2      | Reached skill level 26 in Transmutations
 74488 | D:$      | Escaped with the Orb!

Action                   |  1- 3 |  4- 6 |  7- 9 | 10-12 | 13-15 | 16-18 | 19-21 | 22-24 | 25-27 || total
-------------------------+-------+-------+-------+-------+-------+-------+-------+-------+-------++-------
Melee: Unarmed           |   129 |   197 |   311 |       |       |       |       |       |       ||   637
       Dagger            |       |       |    45 |   708 |  2060 |  1817 |  2207 |  2337 |   579 ||  9753
       Quick blade       |       |       |       |       |       |       |       |       |  2757 ||  2757
Throw: Stone             |       |       |     2 |    12 |       |       |       |       |       ||    14
       Tomahawk          |       |       |       |     8 |       |       |       |       |       ||     8
 Cast: Agony             |       |       |       |       |       |     7 |       |       |       ||     7
       Stone Arrow       |       |       |       |       |       |     2 |       |       |       ||     2
       Death Channel     |       |       |       |       |       |       |     3 |       |    25 ||    28
       Bolt of Draining  |       |       |       |       |       |       |       |    29 |     2 ||    31
       Controlled Blink  |       |       |       |       |       |       |       |     2 |    25 ||    27
       Phase Shift       |       |       |       |       |       |       |       |     7 |    49 ||    56
       Regeneration      |       |       |       |       |       |       |       |     1 |    11 ||    12
       Orb of Destructio |       |       |       |       |       |       |       |       |    23 ||    23
       Statue Form       |       |       |       |       |       |       |       |       |     4 ||     4
       Necromutation     |       |       |       |       |       |       |       |       |   112 ||   112
Invok: Transfer Knowledg |       |       |       |     1 |     1 |       |       |       |       ||     2
       Scrying           |       |       |       |       |       |     1 |       |       |       ||     1
 Abil: End Transformatio |       |       |       |       |       |       |       |       |     4 ||     4
       Stop Flying       |       |       |       |       |       |       |       |       |     1 ||     1
       Evoke Flight      |       |       |       |       |       |       |       |       |     1 ||     1
Evoke: Wand              |       |     4 |     1 |    20 |    20 |    19 |    32 |    21 |     7 ||   124
       Sack of spiders   |       |       |       |       |       |       |     6 |       |       ||     6
       Phial of floods   |       |       |       |       |       |       |     1 |       |       ||     1
       Box of beasts     |       |       |       |       |       |       |       |     3 |       ||     3
       Disc of storms    |       |       |       |       |       |       |       |       |    23 ||    23
  Use: Scroll            |    10 |     9 |     9 |    12 |    27 |     9 |    21 |     5 |    28 ||   130
       Potion            |     2 |     2 |       |    10 |     3 |    11 |     6 |     2 |    13 ||    49
 Stab: Sleeping          |     4 |     5 |    10 |    27 |    57 |    31 |    56 |    54 |   104 ||   348
       Paralysed         |       |     4 |    11 |     1 |     2 |     4 |       |       |       ||    22
       Fleeing           |       |       |     1 |       |       |       |       |       |       ||     1
       Distracted        |       |       |       |     1 |     9 |    10 |    15 |    12 |    25 ||    72
       Confused          |       |       |       |     2 |     4 |       |     1 |     2 |     2 ||    11
       Held in net/web   |       |       |       |       |       |       |       |       |     1 ||     1
  Eat: Chunk             |     2 |     6 |    10 |    19 |    22 |     3 |     2 |    19 |    11 ||    94
       Pizza             |       |       |       |     1 |     6 |       |       |       |     2 ||     9
       Beef jerky        |       |       |       |       |     3 |     1 |     2 |     3 |     2 ||    11
       Meat ration       |       |       |       |       |     2 |     1 |     5 |     4 |     1 ||    13
       Bread ration      |       |       |       |       |       |     3 |     1 |     1 |     3 ||     8
       Fruit             |       |       |       |       |       |     1 |       |       |     6 ||     7
       Royal jelly       |       |       |       |       |       |       |     1 |       |     2 ||     3
